Kradschützen Motorcycle Team
Construct Light Support Kompanie
Selects Panzerjäger Kommand Battlegroup
Selects GrB 39 Grenade Launcher Requisition
Construct Mechanized Kompanie
Marder III Tank Destroyer
Selects Crew Shock Tactics
Marder III Tank Destroyer
Construct Panzerarmee Kommand
Walking Stuka Rocket Launcher
Selects Crew Shock Tactics
Selects Elefant Tank Destroyer
Pak 38 Anti-tank Gun Team
Pak 38 Anti-tank Gun Team
Selects Butterfly Bomb Drop